 Seeded DCSS version 0.27-a0-650-g8dd3ea4 (webtiles) character file.

Game seed: 669341834731973996 (custom seed)

116 GeorgeSoros the Caller (level 5, 0/39 HPs)
             Began as a Formicid Summoner on Mar 15, 2021.
             Succumbed to a kobold brigand's poison
             ... in a sewer.
             The game lasted 00:14:18 (3539 turns).

GeorgeSoros the Caller (Formicid Summoner)          Turns: 3539, Time: 00:14:19

Health: 0/39       AC:  6    Str: 13    XL:     5   Next: 21%
Magic:  6/8        EV: 11    Int: 15    God:
Gold:   102        SH:  0    Dex: 11    Spells: 2/8 levels left

rFire    . . .     SeeInvis +   g - +1 whip (freeze)
rCold    . . .     Faith    .   (no shield)
rNeg     . . .     Spirit   .   f - +0 leather armour
rPois    .         Reflect  .   (helmet unavailable)
rElec    .         Harm     .   (no cloak)
rCorr    .         Rampage  .   (no gloves)
Will     .....                  a - +2 pair of boots
Stlth    ++........             (no amulet)
HPRegen  0.13/turn              (no ring)
MPRegen  0.11/turn              (no ring)

@: mighty, lethally poisoned (0 -> -16)
A: permanent stasis, dig shafts and tunnels, antennae 3, four strong arms
a: Dig


You were in a sewer.
You visited 1 branch of the dungeon, and saw 3 of its levels.
You also visited: Sewer.

You collected 102 gold pieces.

Inventory:

Hand Weapons
 g - a +1 whip of freezing (weapon)
Armour
 a - a +2 pair of boots (worn)
 f - a +0 leather armour (worn)
Scrolls
 b - 2 scrolls of identify
Potions
 c - a potion of might
 i - 3 potions of attraction


   Skills:
 + Level 2.4 Fighting
 + Level 1.9 Armour
 - Level 2.1 Dodging
 - Level 2.4 Stealth
 - Level 2.1 Spellcasting
 + Level 4.7 Summonings
 + Level 0.9 Air Magic


You had 2 spell levels left.
You knew the following spells:

 Your Spells              Type           Power      Damage    Failure   Level
a - Summon Small Mammal   Summ           60%        N/A       4%          1
b - Call Imp              Summ           15%        N/A       6%          2
c - Call Canine Familiar  Summ           15%        N/A       12%         3

Your spell library contained the following spells:

 Spells                   Type           Power      Damage    Failure   Level
 Summon Guardian Golem    Hex/Summ       8%         N/A       30%         3
 Summon Lightning Spire   Summ/Air       10%        N/A       65%         4
 Summon Ice Beast         Ice/Summ       8%         N/A       71%         4


Dungeon Overview and Level Annotations

Branches:
Dungeon (3/15)              Sewer (1/1)

Altars:


Innate Abilities, Weirdness & Mutations

You cannot be hasted, slowed, berserked, paralysed or teleported.
You can dig through walls and to a lower floor.
You have a pair of large antennae on your head. (SInv)
Your four strong arms can wield two-handed weapons with a shield.


Message History

The poisoned dart closely misses your iron imp.
The poisoned dart hits you!
You are lethally poisoned!
Your iron imp misses the kobold brigand.
You feel sick.
The kobold brigand hits your iron imp with a +0 dagger!
You feel sick.
Your iron imp closely misses the kobold brigand.
The kobold brigand hits your iron imp with a +0 dagger.
Your iron imp dies!
Your crimson imp blinks!
You feel sick.
The kobold brigand throws a poisoned dart.
The poisoned dart hits you!
You are more poisoned.
You feel very mighty all of a sudden.
You feel sick.
You whack the kobold brigand! You freeze the kobold brigand.
The kobold brigand is heavily wounded.
You feel sick.
The kobold brigand hits you with a +0 dagger.
You whack the kobold brigand! You freeze the kobold brigand.
The kobold brigand is almost dead.
* * * LOW HITPOINT WARNING * * *
You feel sick. The kobold brigand closely misses you.
Your crimson imp misses the kobold brigand.
You closely miss the kobold brigand.
The kobold brigand is almost dead.
* * * LOW HITPOINT WARNING * * *
You feel sick.
The kobold brigand hits you with a +0 dagger.
* * * LOW HITPOINT WARNING * * *
Your crimson imp blinks!
You closely miss the kobold brigand.
The kobold brigand is almost dead.
* * * LOW HITPOINT WARNING * * *
You feel sick. The kobold brigand closely misses you.
You whack the kobold brigand! You freeze the kobold brigand.
You kill the kobold brigand!
You die...

≈.. #≈.≈≈≈##### ..?
#.≈..†≈≈≈≈≈ .!.
#.≈≈..##### #.#
##≈.≈## # #.# ##≈##
#.# #≈# #†# #≈#
##)## ##≈## ##§@≈##
##..≈## #
#≈...≈####.....#####
#.≈5.≈≈≈≈)≈≈≈.≈≈≈≈≈≈
#..≈..####≈..≈.#####
##...## ##≈≈.## #
##≈## ##≈## #≈# #≈#
{ #≈# #≈≈ #≈# #≈## {


You could see a friendly crimson imp (summoned).

Vanquished Creatures
  A kobold brigand (Sewer)
  2 adders (D:3)
  2 oozes
  A worm (Sewer)
  2 dart slugs (D:1)
  2 leopard geckos
  An orc (D:2)
  2 ball pythons
  5 giant cockroaches
  8 goblins
  5 hobgoblins
  3 jackals (D:3)
  4 kobolds
  6 bats
  A frilled lizard (D:2)
  8 rats
53 creatures vanquished.

Vanquished Creatures (collateral kills)
  3 adders
  An orc (D:3)
  A ball python (D:3)
  A giant cockroach (D:3)
  2 goblins
  2 bats (D:3)
  5 kobolds
15 creatures vanquished.

Grand Total: 68 creatures vanquished

Notes
Turn   | Place    | Note
-------+----------+-------------------------------------------
     0 | D:1      | GeorgeSoros the Formicid Summoner began the quest for the
                  | Orb.
     0 | D:1      | Reached XP level 1. HP: 13/13 MP: 3/3
   317 | D:1      | Reached XP level 2. HP: 20/20 MP: 5/5
   479 | D:1      | Learned a level 2 spell: Call Imp
   506 | D:1      | Reached skill level 1 in Fighting
  1185 | D:1      | Reached XP level 3. HP: 26/26 MP: 6/6
  1190 | D:1      | Learned a level 3 spell: Call Canine Familiar
  1981 | D:2      | Reached skill level 1 in Armour
  2271 | D:2      | Reached XP level 4. HP: 26/33 MP: 7/7
  3373 | D:3      | Found a glowing drain.
  3382 | D:3      | Reached XP level 5. HP: 36/38 MP: 5/8
  3390 | Sewer    | Entered a sewer
  3515 | Sewer    | Noticed a kobold brigand
  3539 | Sewer    | Killed a kobold brigand
  3539 | Sewer    | Succumbed to a kobold brigand's poison

Illustrated notes

Levels and vault maps discovered:
D:1:      kilobyte_arrival_exit_the_forest, layout_basic
D:2:      layout_loops_ring, minivault_27
D:3:      layout_basic, portal_sewer_entry_c
Sewer:    sewer_co_15_rooms

Skill      XL: |  1  2  3  4 |
---------------+-------------+-----
Dodging        | 2 |  2.1
Fighting       | 1 2 |  2.4
Armour         | 1 |  1.9
Stealth        | |  2.4
Spellcasting   | |  2.1
Summonings     | |  4.7
Air Magic      | |  0.9

Action                   |  1- 3 |  4- 6 || total
-------------------------+-------+-------++-------
Melee: Dagger            |    49 |       ||    49
       Whip              |    69 |    98 ||   167
 Cast: Summon Small Mamm |     6 |       ||     6
       Call Imp          |     5 |    12 ||    17
  Use: Scroll            |     4 |     2 ||     6
       Potion            |       |     1 ||     1
 Stab: Sleeping          |     5 |     2 ||     7
Armor: Robe              |     1 |       ||     1
       Leather armour    |    25 |    48 ||    73
Dodge: Dodged            |    69 |    61 ||   130

Table legend: (Time is in decaauts)
 A = Elapsed time spent in this place.
 B = Non-inter-level travel time spent in this place.
 C = Inter-level travel time spent in this place.
 D = Time resting spent in this place.
 E = Time spent auto-exploring this place.
 F = Levels seen in this place.
 G = Mean time per level.
                   A        B        C        D        E       F      G
               +--------+--------+--------+--------+--------+-----+--------+
         Total |   3585 |   3411 |    174 |    179 |   2394 |   4 |  896.2 |
       Dungeon |   3421 |   3247 |    174 |    179 |   2368 |   3 | 1140.3 |
         Sewer |    164 |    164 |      0 |      0 |     26 |   1 |  164.0 |
               +--------+--------+--------+--------+--------+-----+--------+

Top non-repeatable levels by time:
     D:1: 1873 daAuts
     D:2: 1344 daAuts
     D:3: 203 daAuts
   Sewer: 164 daAuts
